 Dungeon Crawl Stone Soup version 0.28-a0-43-g560ac104fe (webtiles) character file.

Game seed: 17607339048992168529

1911 sanka the Frost Mage (level 8, -5/63 (67) HPs)
             Began as a Palentonga Abyssal Knight on July 28, 2021.
             Was a Priest of Lugonu.
             Killed from afar by an electric eel (6 damage)
             ... with a bolt of electricity
             ... on level 6 of the Dungeon.
             The game lasted 00:14:04 (7859 turns).

sanka the Frost Mage (Palentonga Abyssal Knight)    Turns: 7859, Time: 00:14:04

HP:   -5/63 (67)    AC: 17    Str: 17    XL:     8   Next: 95%
MP:   12/12         EV:  9    Int: 14    God:    Lugonu [***...]
Gold: 297           SH:  0    Dex:  9    Spells: 7/11 levels left

rFire   . . .      SeeInvis +   a - +1 whip (elec)
rCold   . . .      Faith    .   (no shield)
rNeg    . . .      Spirit   .   l - +2 robe {Will+}
rPois   .          Reflect  .   w - +0 helmet
rElec   .          Harm     .   p - +2 cloak
rCorr   .          Rampage  .   (no gloves)
Will    +....                   (no barding)
Stlth   +.........              (no amulet)
HPRegen 0.20/turn               (no ring)
MPRegen 0.13/turn               (no ring)

@: studying Invocations, drained, curled up
A: large, rugged brown scales 3, see invisible, deformed body, roll 1, armoured
tail, reflexive curl
a: Rolling Charge, Renounce Religion, Depart the Abyss, Bend Space, Banish


You were on level 6 of the Dungeon.
You worshipped Lugonu.
Lugonu was most pleased with you.
You visited 1 branch of the dungeon, and saw 6 of its levels.
You visited the Abyss 1 time.

You collected 357 gold pieces.
You spent 60 gold pieces at shops.


Innate Abilities, Weirdness & Mutations

You are completely covered in rugged brown scales. (AC +3, +7% HP)
You have supernaturally acute eyesight. (SInv)
Armour fits poorly on your strangely shaped body.
You can roll at nearby foes to attack.
You have a long armoured tail.
You curl defensively after being hit.


   Skills:
 + Level 5.5 Fighting
 - Level 2.6 Axes
 - Level 1.5 Armour
 - Level 0.7 Dodging
 - Level 2.0 Spellcasting
 - Level 8.0 Ice Magic
 + Level 5.6 Invocations


You had 7 spell levels left.
You knew the following spells:

 Your Spells              Type           Power      Damage    Failure   Level
y - Frozen Ramparts       Ice            46%        1d6       2%          3
z - Freeze                Ice            92%        1d10      1%          1

Your spell library contained the following spells:

 Spells                   Type           Power      Damage    Failure   Level
 Slow                     Hex            1%         N/A       34%         2
 Hailstorm                Conj/Ice       12%        3d5       41%         4
 Confusing Touch          Hex            1%         N/A       56%         3
 Gell's Gravitas          Tloc           0%         N/A       56%         3
 Lesser Beckoning         Tloc           0%         N/A       56%         3
 Teleport Other           Tloc           1%         N/A       56%         3
 Vampiric Draining        Necr           0%         2d6       56%         3

Inventory:

Hand Weapons
 a - a +1 whip of electrocution (weapon)
 b - a +4 quarterstaff of chaos
Armour
 l - a +2 robe of willpower (worn)
 p - a +2 cloak (worn)
 w - a +0 helmet (worn)
 A - a +1 cloak
Wands
 j - a wand of polymorph (2)
Scrolls
 e - a scroll of silence {!r}
 f - 2 scrolls of immolation {!r}
 g - 2 scrolls of teleportation {@r4}
 h - a scroll of magic mapping
 m - a scroll of blinking {unknown}
 n - a scroll of noise {!r}
 o - a scroll of enchant weapon
 r - a scroll of torment {unknown}
 t - a scroll of amnesia {unknown}
 u - 2 scrolls of brand weapon {unknown}
 x - a scroll of vulnerability {unknown}
 y - a scroll of acquirement {unknown}
Potions
 c - 2 potions of curing {@q1}
 d - 2 potions of attraction {unknown}
 i - 4 potions of heal wounds {@q2}
 k - a potion of lignification {unknown}
 q - a potion of flight {unknown}
 s - a potion of might {unknown}
 v - a potion of resistance {unknown}
 z - 2 potions of mutation {unknown}

Dungeon Overview and Level Annotations

Branches:
Dungeon (6/15)             Temple (0/1) D:6

Altars:
Cheibriados
Gozag
Okawaru
Qazlal
Ru
Sif Muna
Zin

Shops:
D:2 !   D:4 *

Annotations:
D:4 1 exclusion
D:6 exclusion: 2 doors

...........▒ ..▒▒▒...▒.▒▒ ▒
..▒.'...▒.▒ ▒.▒
.>▒.▒...▒.▒▒.▒.▒▒
..▒.▒............
.▒▒.▒....)▒▒.▒.▒
....▒....)...▒
..▒▒▒▒▒▒▒▒.▒▒▒▒▒▒▒▒▒▒▒▒▒▒▒▒▒▒▒
(.(.............H............▒
.............................▒
≈.≈≈≈≈.≈≈≈≈≈.≈≈.≈≈≈.≈.≈;≈≈.≈≈▒
≈≈≈≈≈≈≈≈≈≈≈≈≈≈≈≈≈≈≈≈≈≈≈;≈≈≈≈≈▒
≈≈≈≈≈≈≈≈≈≈≈≈≈≈≈≈≈≈≈≈≈≈≈≈≈≈≈≈≈▒
≈≈≈≈≈≈≈≈≈≈≈≈≈≈≈▒▒▒▒▒≈≈≈≈≈≈≈≈≈▒
▒▒▒▒▒▒▒▒▒▒▒▒▒▒▒▒ ▒≈≈≈≈≈≈≈≈≈▒
▒≈≈≈≈≈≈≈≈≈▒


You could see 2 electric eels.


Message History

Things that are here:
a +0 club; a hobgoblin corpse
Things that are here:
a +0 club; a hobgoblin corpse
Things that are here:
a +0 club; a hobgoblin corpse
There is a stone staircase leading up here.
A wight is nearby!
Things that are here:
a +0 whip; a +0 whip An electric eel comes into view.
The electric eel shoots out a bolt of lightning at you!
The bolt of electricity hits you!
The electric eel shoots out a bolt of lightning at you!
The bolt of electricity hits you! The bolt of electricity hits you!
* * * LOW HITPOINT WARNING * * *
The electric eel shoots out a bolt of lightning at you!
The bolt of electricity hits you!
* * * LOW HITPOINT WARNING * * *
An electric eel comes into view.
The electric eel shoots out a bolt of lightning at you!
The bolt of electricity hits you!
* * * LOW HITPOINT WARNING * * *
The electric eel shoots out a bolt of lightning at you!
The bolt of electricity hits you!
* * * LOW HITPOINT WARNING * * *
The electric eel shoots out a bolt of lightning at you!
The bolt of electricity hits you.
You die...

Action                   |  1- 3 |  4- 6 |  7- 9 || total
-------------------------+-------+-------+-------++-------
Melee: Hand axe          |    66 |    78 |       ||   144
       Tailslap          |     8 |    10 |    16 ||    34
       Unarmed           |     4 |       |       ||     4
       Whip              |       |    33 |   136 ||   169
 Cast: Freeze            |    11 |    35 |    34 ||    80
       Frozen Ramparts   |       |     7 |    16 ||    23
Invok: Depart the Abyss  |     1 |       |       ||     1
 Abil: Rolling Charge    |     2 |       |     2 ||     4
Evoke: Wand              |     6 |       |     3 ||     9
  Use: Scroll            |       |     6 |       ||     6
Armor: Leather armour    |    28 |     8 |       ||    36
       Robe              |       |    72 |    77 ||   149
Dodge: Dodged            |    37 |    60 |    87 ||   184

Levels and vault maps discovered:
D:1:      dpeg_arrival_houses_and_road, layout_loops_ring
D:2:      wad_pebble_path, layout_rooms, serial_shops, nicolae_lakefront_shop,
          minmay_misc_feat_room, minmay_misc_feat_enclosed, uniq_jessica,
          uniq_terence
D:3:      layout_loops_ring, uniq_crazy_yiuf_cottage
D:4:      minmay_chambers_of_fours, layout_loops_corners, zin_statuary,
          kennysheep_orc_sif_temple, lemuel_coloured_pillars_altar,
          okawaru_altar_gauntlet_db, serial_rivers,
          chequers_serial_rivers_micro_d, chequers_serial_rivers_micro_d,
          chequers_serial_rivers_micro_e, chequers_serial_rivers_room_a,
          chequers_serial_rivers_micro_e, chequers_serial_rivers_small_3,
          serial_shops, shop_statue
D:5:      lemuel_ratsnest, layout_basic, mainiacjoe_overflow_surrounded_room,
          uniq_duvessa, uniq_edmund, uniq_menkaure
D:6:      minmay_goblin_kobold_castle, layout_basic, lemuel_doored_altar,
          slow_altar_1, minmay_temple_entry_sparse_star, minivault_24,
          kennysheep_crisscross

Notes
Turn   | Place    | Note
-------+----------+-------------------------------------------
     0 | Abyss:1  | sanka the Palentonga Abyssal Knight began the quest for the
                  | Orb.
     0 | Abyss:1  | Reached XP level 1. HP: 19/19 MP: 2/2
    43 | Abyss:1  | Noticed a lorocyproca
    49 | Abyss:1  | Noticed a neqoxec
    52 | D:1      | Escaped the Abyss
   277 | D:1      | Reached * piety under Lugonu
   278 | D:1      | Reached XP level 2. HP: 19/25 MP: 3/3
   482 | D:1      | Reached skill level 1 in Spellcasting
   910 | D:1      | Learned a level 1 spell: Freeze
  1025 | D:2      | Reached XP level 3. HP: 31/31 MP: 5/5
  1036 | D:2      | Noticed Terence
  1047 | D:2      | Killed Terence
  1048 | D:2      | Reached skill level 2 in Spellcasting
  1048 | D:2      | Reached skill level 1 in Ice Magic
  1217 | D:2      | Noticed Jessica
  1539 | D:2      | Noticed Jessica
  1539 | D:2      | Jessica changed into Jessica the orc
  1544 | D:2      | Killed Jessica the orc
  1717 | D:2      | Reached XP level 4. HP: 30/37 MP: 0/7
  1917 | D:2      | Reached skill level 2 in Ice Magic
  2165 | D:2      | Found Qamawuh's Distillery.
  2175 | D:2      | Bought a potion of heal wounds for 60 gold pieces
  2556 | D:3      | Found a runed translucent door.
  2557 | D:3      | Noticed Crazy Yiuf
  2908 | D:3      | Reached ** piety under Lugonu
  2909 | D:3      | Reached skill level 3 in Ice Magic
  2909 | D:3      | Reached XP level 5. HP: 31/43 MP: 8/8
  2993 | D:3      | Learned a level 3 spell: Frozen Ramparts
  3149 | D:3      | Killed Crazy Yiuf
  3333 | D:4      | Found a glowing silver altar of Zin.
  3358 | D:4      | Found Naul's Assorted Antiques.
  3389 | D:4      | Noticed a centaur
  3397 | D:4      | Killed a centaur
  3398 | D:4      | Reached skill level 4 in Ice Magic
  3501 | D:4      | Noticed an orc warrior
  3512 | D:4      | Reached XP level 6. HP: 45/50 MP: 9/9
  3765 | D:4      | Found a sacrificial altar of Ru.
  3866 | D:4      | Found a shimmering blue altar of Sif Muna.
  4549 | D:4      | Found an iron altar of Okawaru.
  4750 | D:5      | Entered Level 5 of the Dungeon
  4794 | D:5      | Found an opulent altar of Gozag.
  4818 | D:5      | Reached skill level 5 in Ice Magic
  4910 | D:5      | Gained mutation: You curl defensively after being hit.
                  | [Palentonga growth]
  4910 | D:5      | Reached XP level 7. HP: 50/55 MP: 4/10
  5140 | D:5      | Noticed Menkaure
  5151 | D:5      | Killed Menkaure
  5152 | D:5      | Reached skill level 6 in Ice Magic
  5592 | D:5      | Noticed Edmund
  5599 | D:5      | Killed Edmund
  5600 | D:5      | Reached skill level 7 in Ice Magic
  5879 | D:5      | Reached XP level 8. HP: 55/62 MP: 4/11
  6009 | D:5      | Reached *** piety under Lugonu
  6075 | D:5      | Noticed Duvessa
  6086 | D:5      | Killed Duvessa
  6087 | D:5      | Reached skill level 8 in Ice Magic
  6093 | D:5      | Noticed Dowan
  6097 | D:5      | Killed Dowan
  6098 | D:5      | Reached skill level 4 in Fighting
  6347 | D:6      | Found a staircase to the Ecumenical Temple.
  6385 | D:6      | Reached skill level 3 in Invocations
  6554 | D:6      | Reached skill level 5 in Fighting
  6554 | D:6      | Reached skill level 4 in Invocations
  6705 | D:6      | Reached skill level 5 in Invocations
  6801 | D:6      | Found a snail-covered altar of Cheibriados.
  6844 | D:6      | Found a stormy altar of Qazlal.
  7859 | D:6      | HP: 1/63 [electric eel/bolt of electricity (10)]
  7859 | D:6      | Killed from afar by an electric eel

Vanquished Creatures
  Menkaure (D:5)
  Edmund (D:5)
  Duvessa (D:5)
  3 necrophages
  2 black bears (D:5)
  A centaur (D:4)
  A phantom (D:5)
  A bullfrog (D:6)
  Dowan (D:5)
  A water moccasin zombie (D:5)
  2 water moccasin skeletons
  A howler monkey (D:6)
  2 electric eels (D:6)
  A jelly (D:6)
  A hound (D:5)
  A gnoll shaman (D:5)
  2 orc priests
  Crazy Yiuf (D:3)
  Terence (D:2)
  An iguana (D:4)
  4 orc wizards
  A hound skeleton (D:4)
  2 gnolls
  3 adders
  8 river rats (D:5)
  A worm (D:6)
  3 dart slugs
  14 orcs
  8 ball pythons
  2 bats
  8 endoplasms
  3 giant cockroaches
  12 hobgoblins
  4 jackals
  10 quokkas
  3 frilled lizards
  7 goblins
  5 kobolds
  20 rats
144 creatures vanquished.

Vanquished Creatures (others)
  An orc wizard (D:6)
1 creature vanquished.

Grand Total: 145 creatures vanquished
